General information
- name: BNet
- type: Ladder team game (AT/RT)
- host: Battle.net
- saver: BEAR_AND
map: RiverOfSouls
- players: 6
- length: 17:38
- speed: Fast
- version: 1.21 W3XP
- replay type:

» download(165 KB)
Players
team 1 (loser)
69th_Rukia (
orange | 118 APM | 2080 actions | 17:34)
3 Far Seer
1 Feral Spirit
2 Chain Lighting
2 Tauren Chieftain
1 War Stomp
1 Endurance Aura
» actions
| Assign group hotkey | 40 | |
| Basic commands | 59 | |
| Build / train | 59 | |
| ESC pressed | 2 | |
| Enter build submenu | 12 | |
| Enter hero's abilities submenu | 5 | |
| Right click | 788 | |
| Select / deselect | 425 | |
| Select group hotkey | 626 | |
| Use ability | 64 | |
2080 total
» units
| Peon | 10 | |
| Grunt | 14 | |
| Demolisher | 5 | |
| Troll Witch Doctor | 6 | |
| Tauren | 8 | |
43 total
» upgrades
| Witch Doctor Training | 2 | |
| Armor | 1 | |
| Pulverize | 1 | |
4 total
» buildings
| Altar of Storms | 1 | |
| Orc Burrow | 7 | |
| Barracks | 1 | |
| Stronghold | 2 | |
| War Mill | 1 | |
| Fortress | 1 | |
| Spirit Lodge | 1 | |
| Tauren Totem | 1 | |
15 total
» build order
00:02 Altar of Storms
00:03 Orc Burrow
00:40 Barracks
01:23 Orc Burrow
02:26 Orc Burrow
03:20 Stronghold
04:17 Orc Burrow
04:34 War Mill
06:01 Fortress
06:03 Spirit Lodge
08:26 Tauren Totem
12:16 Orc Burrow
12:18 Orc Burrow
14:05 Orc Burrow

»
9th_Aaroniero (
green | 173 APM | 3031 actions | 17:31)
2 Paladin
1 Holy Light
1 Divine Shield
1 Mountain King
1 Storm Bolt
» actions
| Assign group hotkey | 981 | |
| Basic commands | 214 | |
| Build / train | 90 | |
| ESC pressed | 1 | |
| Enter build submenu | 19 | |
| Enter hero's abilities submenu | 4 | |
| Right click | 889 | |
| Select / deselect | 361 | |
| Select group hotkey | 406 | |
| Use ability | 66 | |
3031 total
» units
| Peasant | 18 | |
| Footman | 31 | |
| Sorceress | 2 | |
| Priest | 2 | |
| Spell Breaker | 3 | |
56 total
» upgrades
| Defend | 1 | |
| Priest Training | 1 | |
| Sorceress Training | 1 | |
3 total
» buildings
| Altar of Kings | 1 | |
| Farm | 6 | |
| Barracks | 1 | |
| Scout Tower | 6 | |
| Arcane Tower | 5 | |
| Arcane Vault | 1 | |
| Keep | 1 | |
| Lumber Mill | 1 | |
| Castle | 1 | |
| Arcane Sanctum | 2 | |
| Blacksmith | 1 | |
| Guard Tower | 1 | |
| Town Hall | 1 | |
28 total
» build order
00:03 Altar of Kings
00:04 Farm
00:35 Barracks
00:42 Farm
01:14 Scout Tower
01:19 Scout Tower
01:47 Farm
01:54 Arcane Tower
01:54 Arcane Tower
01:54 Arcane Tower
02:38 Arcane Vault
03:41 Farm
04:16 Keep
04:26 Lumber Mill
05:05 Farm
05:06 Farm
06:59 Castle
08:26 Arcane Sanctum
09:11 Arcane Sanctum
13:02 Blacksmith
14:53 Scout Tower
14:59 Scout Tower
15:00 Scout Tower
15:00 Scout Tower
16:54 Guard Tower
16:57 Town Hall
» items
| Dust of Appearance | 2 | |
| Scroll of Regeneration | 1 | |
| Lesser Clarity Potion | 3 | |
| Potion of Healing | 2 | |
| Staff of Teleportation | 1 | |
9 total
LazyDK (
pink | 85 APM | 1496 actions | 17:35)
3 Archmage
1 Summon Water Elemental
1 Blizzard
1 Brilliance Aura
1 Blood Mage
1 Flame Strike
» actions
| Assign group hotkey | 28 | |
| Basic commands | 170 | |
| Build / train | 59 | |
| ESC pressed | 2 | |
| Enter build submenu | 16 | |
| Enter hero's abilities submenu | 4 | |
| Right click | 639 | |
| Select / deselect | 252 | |
| Select group hotkey | 280 | |
| Use ability | 46 | |
1496 total
» units
| Peasant | 20 | |
| Footman | 5 | |
| Rifleman | 17 | |
| Mortar Team | 4 | |
46 total
» upgrades
| Gunpowder | 2 | |
| Long Rifles | 1 | |
| Armor | 1 | |
4 total
» buildings
| Altar of Kings | 1 | |
| Barracks | 2 | |
| Farm | 6 | |
| Blacksmith | 1 | |
| Keep | 1 | |
| Arcane Vault | 1 | |
| Lumber Mill | 1 | |
| Workshop | 2 | |
| Castle | 1 | |
16 total
» build order
00:22 Altar of Kings
00:31 Barracks
00:38 Farm
00:58 Farm
02:00 Blacksmith
02:10 Farm
02:39 Farm
07:22 Keep
08:13 Farm
08:32 Arcane Vault
08:53 Lumber Mill
11:18 Workshop
12:10 Farm
13:12 Barracks
14:22 Workshop
16:43 Castle
» items
team 2 (winner)
BEAR_AND (
teal | 136 APM | 2401 actions | 17:38)
6 Warden
3 Shadow Strike
3 Blink
» actions
| Assign group hotkey | 5 | |
| Build / train | 57 | |
| Enter build submenu | 14 | |
| Enter hero's abilities submenu | 5 | |
| Right click | 1855 | |
| Select / deselect | 146 | |
| Select group hotkey | 239 | |
| Use ability | 80 | |
2401 total
» units
» upgrades
| Strength of the Wild | 2 | |
| Ultravision | 1 | |
| Corrosive Breath | 1 | |
4 total
» buildings
| Moon Well | 5 | |
| Altar of Elders | 1 | |
| Tree of Ages | 1 | |
| Hunter's Hall | 1 | |
| Tree of Eternity | 1 | |
| Ancient of Wind | 1 | |
| Chimaera Roost | 2 | |
| Ancient of Wonders | 1 | |
13 total
» build order
00:18 Moon Well
00:26 Altar of Elders
00:29 Moon Well
06:14 Tree of Ages
06:17 Moon Well
06:20 Moon Well
07:54 Hunter's Hall
08:12 Moon Well
09:38 Tree of Eternity
10:57 Ancient of Wind
12:04 Chimaera Roost
12:05 Chimaera Roost
12:47 Ancient of Wonders
» items
| Healing Salve | 3 | |
| Lesser Clarity Potion | 5 | |
| Potion of Healing | 1 | |
| Scroll of Town Portal | 1 | |
| Orb of Venom | 1 | |
| Staff of Preservation | 1 | |
12 total
iggy_the_fisk (
red | 117 APM | 2066 actions | 17:35)
4 Blademaster
2 Wind Walk
2 Critical Strike
» actions
| Assign group hotkey | 262 | |
| Build / train | 60 | |
| Enter build submenu | 52 | |
| Enter hero's abilities submenu | 4 | |
| Right click | 1272 | |
| Select / deselect | 154 | |
| Select group hotkey | 167 | |
| Use ability | 95 | |
2066 total
» units
» upgrades
| Spiked Barricades | 2 | |
| Liquid Fire | 1 | |
| Ranged Weapons | 1 | |
4 total
» buildings
| Altar of Storms | 1 | |
| Orc Burrow | 3 | |
| War Mill | 1 | |
| Watch Tower | 32 | |
| Voodoo Lounge | 4 | |
| Great Hall | 1 | |
| Stronghold | 1 | |
| Beastiary | 2 | |
| Fortress | 1 | |
46 total
» build order
00:04 Altar of Storms
00:14 Orc Burrow
00:19 War Mill
01:35 Watch Tower
01:51 Watch Tower
02:12 Voodoo Lounge
02:23 Watch Tower
02:40 Orc Burrow
03:05 Watch Tower
03:20 Great Hall
04:14 Watch Tower
04:16 Watch Tower
04:18 Watch Tower
05:14 Voodoo Lounge
05:23 Watch Tower
05:25 Watch Tower
05:28 Watch Tower
06:20 Watch Tower
06:23 Watch Tower
07:04 Watch Tower
07:05 Watch Tower
07:14 Stronghold
07:25 Watch Tower
07:26 Watch Tower
07:34 Watch Tower
07:35 Watch Tower
07:36 Watch Tower
08:22 Watch Tower
08:25 Watch Tower
08:26 Watch Tower
08:34 Voodoo Lounge
09:15 Voodoo Lounge
09:27 Watch Tower
09:36 Beastiary
09:36 Fortress
09:37 Beastiary
09:43 Orc Burrow
10:36 Watch Tower
10:37 Watch Tower
13:17 Watch Tower
14:24 Watch Tower
14:25 Watch Tower
15:12 Watch Tower
15:13 Watch Tower
16:36 Watch Tower
16:37 Watch Tower
» items
| Healing Salve | 4 | |
| Lesser Clarity Potion | 4 | |
| Potion of Healing | 2 | |
| Potion of Mana | 2 | |
| Orb of Lightning | 1 | |
| Boots of Speed | 1 | |
14 total
TIMG4Strok (
blue | 95 APM | 1668 actions | 17:35)
3 Archmage
2 Blizzard
1 Brilliance Aura
2 Pandaren Brewmaster
1 Breath of Fire
1 Drunken Haze
» actions
| Assign group hotkey | 3 | |
| Basic commands | 55 | |
| Build / train | 76 | |
| ESC pressed | 9 | |
| Enter build submenu | 47 | |
| Enter hero's abilities submenu | 5 | |
| Right click | 806 | |
| Select / deselect | 209 | |
| Select group hotkey | 314 | |
| Use ability | 144 | |
1668 total
» units
» upgrades
| Masonry | 2 | |
| Lumber Harvesting | 1 | |
| Magic Sentry | 1 | |
4 total
» buildings
| Lumber Mill | 1 | |
| Altar of Kings | 1 | |
| Farm | 4 | |
| Scout Tower | 50 | |
| Arcane Tower | 2 | |
| Guard Tower | 22 | |
| Town Hall | 3 | |
| Keep | 1 | |
| Arcane Sanctum | 1 | |
85 total
» build order
00:07 Lumber Mill
00:51 Altar of Kings
00:57 Farm
01:06 Scout Tower
01:10 Scout Tower
01:21 Farm
01:44 Scout Tower
01:47 Scout Tower
01:48 Scout Tower
01:59 Arcane Tower
01:59 Arcane Tower
02:08 Scout Tower
02:19 Guard Tower
02:28 Guard Tower
02:46 Guard Tower
02:49 Scout Tower
02:59 Guard Tower
03:49 Guard Tower
03:54 Town Hall
03:57 Scout Tower
03:58 Scout Tower
03:59 Scout Tower
04:00 Scout Tower
04:27 Town Hall
04:31 Guard Tower
04:57 Guard Tower
05:08 Town Hall
05:33 Guard Tower
07:34 Scout Tower
07:35 Scout Tower
07:36 Scout Tower
07:45 Scout Tower
07:47 Scout Tower
07:50 Scout Tower
07:51 Scout Tower
07:52 Scout Tower
08:05 Guard Tower
08:09 Scout Tower
08:10 Scout Tower
08:11 Scout Tower
08:32 Scout Tower
08:35 Keep
08:49 Guard Tower
08:52 Guard Tower
09:12 Guard Tower
11:12 Scout Tower
11:13 Scout Tower
11:13 Scout Tower
11:15 Scout Tower
11:18 Scout Tower
11:43 Scout Tower
11:44 Scout Tower
11:48 Farm
11:49 Farm
12:13 Guard Tower
13:22 Scout Tower
13:22 Scout Tower
13:23 Scout Tower
13:24 Scout Tower
13:51 Scout Tower
13:52 Scout Tower
13:53 Scout Tower
13:54 Scout Tower
13:55 Scout Tower
13:57 Scout Tower
14:01 Scout Tower
14:01 Scout Tower
14:22 Guard Tower
14:24 Arcane Sanctum
14:40 Guard Tower
14:40 Guard Tower
15:26 Guard Tower
15:28 Scout Tower
15:29 Scout Tower
15:29 Scout Tower
15:30 Scout Tower
15:31 Scout Tower
15:32 Scout Tower
15:34 Scout Tower
15:44 Guard Tower
15:56 Guard Tower
16:11 Guard Tower
16:38 Guard Tower
17:33 Guard Tower
17:35 Scout Tower
» items
| Staff of Teleportation | 2 | |
| Boots of Speed | 2 | |
| Healing Salve | 2 | |
| Lesser Clarity Potion | 1 | |
| Orb of Lightning | 1 | |
8 total
Chat log
(02:41 / All) BEAR_AND: paladin
(02:41 / All) BEAR_AND: gg
(02:54 / All) 9th_Aaroniero: ?
(08:49 / All) BEAR_AND: good surround
(17:29 / All) 9th_Aaroniero: gg fagasses
(17:31 / All) BEAR_AND: OWNED